AoeStats
← mryendl2410

Arena

509662559Analyzed
3v3 RM · 4d ago on Sep 27, 2026· 45m 44s· 6 players
Game mode
Random Map
Map size
Normal (6 player)
Population
200
Speed
Normal
Resources
Standard
Victory
Conquest
Starting age
Dark Age
Ending age
Imperial Age
RankedLock teamsTeams togetherTeam positionsShared explorationLock speedFull tech treeHidden civsTurbo modeCheats
Victory
Defeat
🇬🇧 Saxons · United Kingdom
1349
+13
🇻🇳 Italians · Vietnam
1349
+13
🇬🇧 Lithuanians · United Kingdom
1318
+14
🇨🇦 Spanish · Canada
1337
-16
🇨🇦 Armenians · Canada
1281
-13
🇲🇽 Cumans · Mexico
1223
-11
Cal1um2
11:05 Feudal Age
15:05 Castle Age
13:29 Double-Bit Axe
14:04 Horse Collar
16:50 Scale Barding Armor
17:09 Bloodlines
21:17 Forging
23:09 Iron Casting
23:00 Chain Barding Armor
28:23 Iron Casting
28:57 Husbandry
33:47 Wheelbarrow
34:11 Bow Saw
34:18 Devotion
36:52 Hand Cart
36:22 Loom
42:36 Imperial Age
42:49 Cavalier
44:56 Heavy Plow
Advanced Farming Research Centre
5:17 Loom
10:05 Feudal Age
15:38 Castle Age
15:43 Scale Mail Armor
15:51 Man-at-Arms
26:44 Horse Collar
27:11 Long Swordsman
29:35 Wheelbarrow
29:53 Double-Bit Axe
29:58 Long Swordsman
32:28 Forging
32:14 Arson
33:35 Squires
35:04 Gambesons
36:51 Heavy Plow
36:53 Gold Mining
39:55 Chain Mail Armor
42:46 Iron Casting
42:06 Stone Mining
42:35 Fletching
43:05 Hand Cart
mryendl2410
12:11 Feudal Age
11:50 Loom
13:39 Double-Bit Axe
16:04 Castle Age
14:05 Horse Collar
14:36 Gold Mining
21:36 Imperial Age
20:27 Fletching
22:07 Bodkin Arrow
22:40 Padded Archer Armor
24:15 Leather Archer Armor
39:12 Ballistics
39:05 Bracer
46:16 Chemistry
MocoLoco
10:50 Feudal Age
11:09 Loom
15:15 Castle Age
13:54 Double-Bit Axe
14:18 Horse Collar
17:23 Gold Mining
29:07 Bow Saw
29:35 Heavy Plow
31:45 Wheelbarrow
37:11 Imperial Age
38:01 Husbandry
38:11 Bloodlines
39:10 Chemistry
38:32 Padded Archer Armor
40:53 Leather Archer Armor
40:29 Fletching
41:03 Ballistics
40:54 Elite Skirmisher
42:42 Bodkin Arrow
ScipioAfricanus
8:01 Loom
10:16 Feudal Age
12:18 Double-Bit Axe
12:46 Man-at-Arms
13:31 Long Swordsman
14:23 Scale Mail Armor
17:48 Pikeman
22:35 Gold Mining
27:45 Castle Age
27:24 Padded Archer Armor
28:01 Fletching
29:51 Bow Saw
29:37 Elite Skirmisher
34:59 Leather Archer Armor
Barbarian Lord
7:51 Loom
11:26 Feudal Age
12:11 Double-Bit Axe
12:18 Gold Mining
24:56 Castle Age
27:11 Bow Saw
27:27 Scale Barding Armor
27:28 Horse Collar
28:38 Bloodlines
32:32 Chain Barding Armor
36:44 Capped Ram
38:28 Forging
39:18 Stone Mining
40:00 Fletching
41:40 Wheelbarrow
44:14 Imperial Age
42:59 Iron Casting
42:20 Bodkin Arrow
44:11 Ballistics
44:25 Cavalier
45:56 Hand Cart
46:37 Plate Barding Armor
47:05 Blast Furnace
Connection lost

Rejoining the realm…

Still unreachable

The connection could not be restored.

Session expired

The server has moved on; the page needs a fresh start.